 Dungeon Crawl Stone Soup version 0.31.0-12-g77e489cdc1 (webtiles) character file.

Game seed: 11145071523660192977

196 Silvore the Trooper (level 5, 0/42 HPs)
             Began as a Demonspawn Fighter on Feb 13, 2024.
             Incinerated by a bombardier beetle (4 damage)
             ... with a burning spray
             ... on level 3 of the Dungeon.
             The game lasted 00:02:48 (2065 turns).

Silvore the Trooper (Demonspawn Fighter)            Turns: 2065, Time: 00:02:48

Health: 0/42       AC:  9    Str: 18    XL:     5   Next: 45%
Magic:  5/5        EV:  9    Int:  8    God:
Gold:   70         SH:  8    Dex: 13    Spells: 4/4 levels left

rFire   . . .        a - +0 long sword
rCold   . . .        c - +0 buckler
rNeg    . . .        b - +0 scale mail
rPois   .            i - +1 helmet
rElec   .            (no cloak)
rCorr   .            (no gloves)
SInv    .            (no boots)
Will    +....        (no amulet) Stlth
                     o - ring of willpower
HPRegen 0.27/turn    (no ring)
MPRegen 0.18/turn

%: no passive effects
@: mighty, on fire, glowing
A: large bone plates 1, powered by pain 1, magic regeneration
a: no special abilities


You were on level 3 of the Dungeon.
You visited 1 branch of the dungeon, and saw 3 of its levels.

You collected 70 gold pieces.

Inventory:

Hand Weapons
 a - a +0 long sword (weapon)
Armour
 b - a +0 scale mail (worn)
 c - a +0 buckler (worn)
 i - a +1 helmet (worn)
Jewellery
 o - a ring of willpower (left hand)
Wands
 g - a wand of mindburst (18)
Scrolls
 j - a scroll of identify
 n - a scroll of fog
Potions
 d - a potion of lignification {unknown}
 e - a potion of ambrosia {unknown}
 f - a potion of attraction {unknown}
 h - a potion of invisibility


   Skills:
 + Level 3.7 Fighting
 + Level 3.3 Long Blades
 + Level 3.2 Armour
 + Level 1.6 Dodging
 + Level 0.6 Stealth
 + Level 3.2 Shields


You had 4 spell levels left.
You didn't know any spells.
Your spell library was empty.

Dungeon Overview and Level Annotations

Branches:
Dungeon (3/15)

Altars:


Innate Abilities, Weirdness & Mutations

You are partially covered in large bone plates. (SH +4)
You sometimes gain a little power by taking damage.
You regenerate magic rapidly.


Message History

You kill the kobold!
The liquid fire burns you!
You shake off some of the fire as you move.
The liquid fire burns you!
The bombardier beetle bites you but does no damage.
Things that are here:
a +0 club; 4 stones; a kobold corpse You hit the bombardier beetle.
The bombardier beetle is moderately wounded.
The liquid fire burns you!
You block the bombardier beetle's attack.
You hit the bombardier beetle.
The bombardier beetle is moderately wounded.
The liquid fire burns you!
You hit the bombardier beetle.
The bombardier beetle is heavily wounded.
The liquid fire burns you!
You block the bombardier beetle's attack.
You hit the bombardier beetle.
The bombardier beetle is heavily wounded.
The bombardier beetle bites you but does no damage.
You hit the bombardier beetle.
The bombardier beetle is severely wounded.
The bombardier beetle sprays incendiary fluid at you.
The burning spray hits you.
You are covered in liquid fire!
You completely miss the bombardier beetle.
The bombardier beetle is severely wounded.
The liquid fire burns you!
* * * LOW HITPOINT WARNING * * *
You focus on the pain.
You feel very mighty all of a sudden.
You block the bombardier beetle's attack.
You slash the bombardier beetle!
You kill the bombardier beetle!
The liquid fire burns you!
* * * LOW HITPOINT WARNING * * *
You shake off some of the fire as you move.
The liquid fire burns you!
You die...

#. #..# #. ##..## #.
#.... #.######...#
###.#........#####
................#
##.#.##.#...###.###
#..@.........##.#.#
#..#)##.#..#.##.#.#
##....##.#..#.##.#.#
#...........#.#....##
##.#.###.#......#....
#..## #.###).#.....#
#.# #.# #))##.#..# #.
#.###.)##.#..#
#.#####..))..).....#


There were no monsters in sight!

Vanquished Creatures
  A bombardier beetle (D:3)
  Terence (D:3)
  Robin (D:3)
  5 adders (D:2)
  3 dart slugs
  2 ribbon worms (D:2)
  2 bats
  8 endoplasms
  A giant cockroach (D:2)
  7 hobgoblins
  2 jackals (D:1)
  8 kobolds
  5 quokkas
  4 ball pythons
  9 frilled lizards
  11 goblins
  3 rats
73 creatures vanquished.

Vanquished Creatures (others)
  An orc (D:3)
  An endoplasm (D:3)
  6 goblins (D:3)
8 creatures vanquished.

Grand Total: 81 creatures vanquished

Notes
Turn   | Place    | Note
-------+----------+-------------------------------------------
     0 | D:1      | Silvore the Demonspawn Fighter began the quest for the Orb.
     0 | D:1      | Reached XP level 1. HP: 18/18 MP: 1/1
    57 | D:1      | Gained mutation: You sometimes gain a little power by
                  | taking damage. [demonic ancestry]
    57 | D:1      | Reached XP level 2. HP: 3/24 MP: 2/2
   464 | D:1      | Reached XP level 3. HP: 24/29 MP: 3/3
  1200 | D:2      | Gained mutation: You are partially covered in large bone
                  | plates. (SH +4) [demonic ancestry]
  1200 | D:2      | Reached XP level 4. HP: 35/35 MP: 4/4
  1234 | D:2      | Reached skill level 1 in Dodging
  1889 | D:3      | Noticed Robin
  1915 | D:3      | Killed Robin
  1922 | D:3      | Noticed Terence
  1934 | D:3      | Killed Terence
  1935 | D:3      | Gained mutation: You regenerate magic rapidly. [demonic
                  | ancestry]
  1935 | D:3      | Reached XP level 5. HP: 17/42 MP: 5/5
  2065 | D:3      | Incinerated by a bombardier beetle

Illustrated notes

Levels and vault maps discovered:
D:1:      wander_arrival_estate, layout_basic, serial_rivers,
          chequers_serial_rivers_large_a, chequers_serial_rivers_micro_a,
          chequers_serial_rivers_marsh, chequers_serial_rivers_marsh,
          chequers_serial_rivers_micro_c, minmay_quantized
D:2:      minmay_alternating_diamond, layout_basic, basic_altar,
          patterned_corridor
D:3:      layout_loops_ring, nicolae_gozag_seed_capital,
          gammafunk_ghost_stat_death, minmay_misc_feat_columns,
          kennysheep_generic_room_10, uniq_terence, uniq_robin

Skill      XL: |  1  2  3  4 |
---------------+-------------+-----
Long Blades    | 2 3 |  3.3
Armour         | 3 |  3.2
Dodging        | 1 |  1.6
Shields        | 3 |  3.2
Fighting       | |  3.7
Stealth        | |  0.6

Action                     |  1- 3 |  4- 6 || total
---------------------------+-------+-------++-------
  Melee: Long sword        |   133 |   125 ||   258
    Use: Scroll            |     2 |     4 ||     6
         Potion            |       |     2 ||     2
   Stab: Invisible         |       |     2 ||     2
 Armour: Scale mail        |    92 |    85 ||   177
  Dodge: Dodged            |    75 |    71 ||   146
  Block: Buckler           |    30 |    62 ||    92
